 Dungeon Crawl Stone Soup version 0.28-a0-872-g80cf8599ee (webtiles) character file.

Game seed: 2458001337878898283

29 tatocazan the Skirmisher (level 3, 29/29 HPs)
             Began as a Demonspawn Fighter on Nov 20, 2021.
             Quit the game on level 1 of the Dungeon.
             The game lasted 00:00:57 (835 turns).

tatocazan the Skirmisher (Demonspawn Fighter)        Turns: 835, Time: 00:00:59

Health: 29/29      AC:  6    Str: 17    XL:     3   Next: 1%
Magic:  3/3        EV:  9    Int:  9    God:
Gold:   11         SH:  4    Dex: 12    Spells: 2/2 levels left

rFire   . . .      SeeInvis .   a - +0 war axe
rCold   . . .      Faith    .   c - +0 buckler
rNeg    . . .      Spirit   .   b - +0 scale mail
rPois   .          Reflect  .   (no helmet)
rElec   .          Harm     .   (no cloak)
rCorr   .          Rampage  .   (no gloves)
Will    .....                   (no boots)
Stlth   ..........              (no amulet)
HPRegen 0.09/turn               (no ring)
MPRegen 0.08/turn               (no ring)

@: no status effects
A: claws 1, demonic magic 1
a: no special abilities


You were on level 1 of the Dungeon.
You visited 1 branch of the dungeon, and saw 1 of its levels.

You collected 11 gold pieces.

Inventory:

Hand Weapons
 a - a +0 war axe (weapon)
Missiles
 i - 13 poisoned darts (quivered)
Armour
 b - a +0 scale mail (worn)
 c - a +0 buckler (worn)
Scrolls
 h - a scroll of enchant weapon {unknown}
Potions
 d - a potion of might
 e - 2 potions of curing {unknown}
 f - a potion of mutation {unknown}
 g - a potion of invisibility {unknown}


   Skills:
 + Level 3.3 Fighting
 + Level 2.2 Axes
 + Level 3.0 Armour
 + Level 3.0 Shields


You had 2 spell levels left.
You didn't know any spells.
Your spell library contained the following spells:

 Spells                   Type           Power      Damage    Failure   Level
 Animate Skeleton         Necr           0%         N/A       83%         1
 Apportation              Tloc           0%         N/A       83%         1
 Slow                     Hex            0%         N/A       83%         1
 Summon Small Mammal      Summ           0%         N/A       83%         1
 Confusing Touch          Hex            0%         N/A       99%         3
 Vampiric Draining        Necr           0%         2d6       99%         3


Dungeon Overview and Level Annotations

Branches:
Dungeon (1/15)

Altars:


Innate Abilities, Weirdness & Mutations

You have sharp fingernails.
Spells you cast may paralyse adjacent enemies.


Message History

No target in view!
No target in view!
No target in view!
No target in view!
No target in view!
No target in view!
No target in view!
No target in view!
No target in view!
No target in view!
No target in view!
No target in view!
No target in view!
You see here a bat corpse.
A frilled lizard comes into view.
A frilled lizard is nearby!
A frilled lizard is nearby!
A frilled lizard is nearby!
A frilled lizard is nearby!
A rat comes into view.
The frilled lizard bites you but does no damage.
You closely miss the frilled lizard. You block the frilled lizard's attack.
The frilled lizard bites you but does no damage.
You hit the frilled lizard.
You kill the frilled lizard!
You have reached level 3!
Your experience leads to an increase in your attributes!
Increase (S)trength, (I)ntelligence, or (D)exterity?
You feel stronger.
Your demonic ancestry asserts itself...
A menacing aura infuses your magic.
Health restored: 29; MP restored: 3 A rat is nearby!
A rat is nearby!
You hit the rat.
You kill the rat!
No target in view!
No target in view!
No target in view!
No target in view!
Are you sure you want to abandon this character and quit the game? (Confirm with "yes".)

#### ...# #### ## ##.#
..# ##.## #.# #.#
##...## ##.#
#.###.....## ##.#
#..........# ##.#
#.###.....## ##.#
#.##.#####.##.....##
...####
#.....†@...#......######
#.....#
####.########...#..†....
......# #.. ##....######
......# #.# #.#### ##
......# #.# #.# #.
#.....# #.# #+# #.
###.### #.# ###. # #.#
#.## #.... ###.# #..##
#. #.


There were no monsters in sight!

Vanquished Creatures
  A dart slug (D:1)
  4 bats (D:1)
  An endoplasm (D:1)
  2 giant cockroaches (D:1)
  2 hobgoblins (D:1)
  3 jackals (D:1)
  A kobold (D:1)
  3 quokkas (D:1)
  2 ball pythons (D:1)
  2 frilled lizards (D:1)
  A goblin (D:1)
  3 rats (D:1)
25 creatures vanquished.

Notes
Turn   | Place    | Note
-------+----------+-------------------------------------------
     0 | D:1      | tatocazan the Demonspawn Fighter began the quest for the
                  | Orb.
     0 | D:1      | Reached XP level 1. HP: 18/18 MP: 1/1
   325 | D:1      | Gained mutation: You have sharp fingernails. [demonic
                  | ancestry]
   325 | D:1      | Reached XP level 2. HP: 23/24 MP: 2/2
   834 | D:1      | Gained mutation: Spells you cast may paralyse adjacent
                  | enemies. [demonic ancestry]
   834 | D:1      | Reached XP level 3. HP: 29/29 MP: 3/3
   835 | D:1      | Quit the game

Illustrated notes

Levels and vault maps discovered:
D:1:      ncdulo_watergridlock, layout_loops_corners

Skill      XL: |  1  2 |
---------------+-------+-----
Axes           | 2 |  2.2
Armour         | 3 |  3.0
Shields        | 3 |  3.0
Fighting       | |  3.3

Action                   || total
-------------------------++-------
Melee: War axe           ||    65
Armor: Scale mail        ||    40
Dodge: Dodged            ||    38
Block: Buckler           ||    12

Table legend: (Time is in decaauts)
 A = Elapsed time spent in this place.
 B = Non-inter-level travel time spent in this place.
 C = Inter-level travel time spent in this place.
 D = Time resting spent in this place.
 E = Time spent auto-exploring this place.
 F = Levels seen in this place.
 G = Mean time per level.
                   A        B        C        D        E       F      G
               +--------+--------+--------+--------+--------+-----+--------+
         Total |    863 |    863 |      0 |      0 |    685 |   1 |  863.0 |
       Dungeon |    863 |    863 |      0 |      0 |    685 |   1 |  863.0 |
               +--------+--------+--------+--------+--------+-----+--------+

Top non-repeatable levels by time:
     D:1: 863 daAuts
